Workbook

Sheet Requirements Scoring
A1: NeSL's Requirement for IP Module | H1: Evaluation | K1: Bidder's Input
A2: Temp Ref No | B2: Sr. No | E2: Requirement | F2: Group Weitage | G2: Section Weightage | H2: Marks (Score 1 to 10) where 1 is low and 10 is highest | I2: Group Weitaged marks | J2: Section weighted marks | K2: Please enter respective Code 1 - For Available / Ready / Agree 2 - For Not Available (In Phase II) / Alternate proposed Solution 3 - Unable to deliver / Disagree | L2: Time Lines (Max of 60 days) | M2: Response / Remarks | N2: Annexure Reference (If any)
A3: 1 | B3: 1 | E3: Functional Requirements | G3: 1 | J3: =J4+J21+J25 -> 0
A4: 2 | C4: 1.1 | E4: CIRP end-to-end Solution (Phase I) should cover all the below features | F4: =SUM(F5:F20) -> 1 | G4: 0.5 | H4: =SUM(H5:H20) -> 0 | I4: =H4*F4 -> 0 | J4: =G4*H4 -> 0
A5: 3 | D5: 1.1.1 | E5: IRP/RP to manage, comply with regulatory requirements and achieve the prescribed deadlines for Resolution Process/Liquidation (A detailed checklist for regulatory guidance and functions can be referred to in Annexure B' excluding sub-sections B, E,& F | F5: 0.25 | I5: =H5*F5 -> 0
A6: 4 | D6: 1.1.2 | E6: Stores information and restricts access as per need to stakeholders like Claimants, COC, Valuer, Liquidator & other stakeholders | F6: 0.05 | I6: =H6*F6 -> 0
A7: 5 | D7: 1.1.3 | E7: Provision for Banks / NBFC to register and monitor development on their cases | F7: 0.05 | I7: =H7*F7 -> 0
A8: 6 | D8: 1.1.4 | E8: MIS, Dashboard for cases | F8: 0.05 | I8: =H8*F8 -> 0
A9: 7 | D9: 1.1.5 | E9: Event calendar to send reminders to user about timelines or next action | F9: 0.05 | I9: =H9*F9 -> 0
A10: 8 | D10: 1.1.6 | E10: Meeting management (meeting invitation Agenda Setting, logging of minutes, communicating minutes to COO) | F10: 0.05 | I10: =H10*F10 -> 0
A11: 9 | D11: 1.1.7 | E11: Claim Submission by all different type of claimants, provision of claim verification, formation of COC | F11: 0.05 | I11: =H11*F11 -> 0
A12: 10 | D12: 1.1.8 | E12: Maintaining Assets Book including access to value and logging valuations | F12: 0.05 | I12: =H12*F12 -> 0
A13: 11 | D13: 1.1.9 | E13: Preparation of Information Memorandum and inviting resolution applicants to participate | F13: 0.05 | I13: =H13*F13 -> 0
A14: 12 | D14: 1.1.10 | E14: Storage of confidential data and give access to eligible resolution applicants | F14: 0.05 | I14: =H14*F14 -> 0
A15: 13 | D15: 1.1.11 | E15: Maintaining audit logs | F15: 0.05 | I15: =H15*F15 -> 0
A16: 14 | D16: 1.1.12 | E16: Provision for submission of resolution plans by resolution applicants | F16: 0.05 | I16: =H16*F16 -> 0
... A20: 18 | D20: 1.1.16 | E20: Features required during the liquidation process | F20: 0.05 | I20: =H20*F20 -> 0
A21: 19 | C21: 1.2 | E21: Virtual Data Room (Phase I) should cover all the below features | F21: =SUM(F22:F24) -> 1 | G21: 0.35 | H21: =SUM(H22:H24) -> 0 | I21: =H21*F21 -> 0 | J21: =G21*H21 -> 0
A22: 20 | D22: 1.2.1 | E22: Information generated through CIRP solution should store within Virtual Data room | F22: 0.2 | I22: =H22*F22 -> 0
A23: 21 | D23: 1.2.2 | E23: Document Management / Folder management facility to store the information for all formats files/documents including audio video with access control, encryption, and audit trail with date time and IP address logging. Detailed functionality is mentioned in functional requirement document (Annexure B, Sl. No. 23 to 26.) | F23: 0.65 | I23: =H23*F23 -> 0
A24: 22 | D24: 1.2.3 | E24: The proposed solution should be modular in structure offering the flexibility of using ‘end to end case management software’ and /or only following two VDR Services: i) Invitation of Expression of Interest ii) RFP for Resolution plans and approval | F24: 0.15 | I24: =H24*F24 -> 0
A25: 23 | C25: 1.3 | E25: Other Functionalities (Phase II) should cover all the below features | F25: =SUM(F26:F38) -> 1 | G25: 0.15 | H25: =SUM(H26:H38) -> 0 | I25: =H25*F25 -> 0 | J25: =G25*H25 -> 0
D26: 1.3.0 | E26: (A detailed checklist for regulatory guidance and functions can be referred to in Annexure B' pls refer sub-sections B,E,F & G) | F26: 0 | I26: =H26*F26 -> 0
A27: 24 | D27: 1.3.1 | E27: Reports, MIS and access to NeSL, MCA, AA, IPA, IBBI | F27: 0.1 | I27: =H27*F27 -> 0
A28: 25 | D28: 1.3.2 | E28: Functionality for Insolvency Resolution of Personal Guarantors to Corporate Debtors | F28: 0.1 | I28: =H28*F28 -> 0
A29: 26 | D29: 1.3.3 | E29: Functionality for Fast Track Corporate Insolvency Resolution | F29: 0.1 | I29: =H29*F29 -> 0
A30: 27 | D30: 1.3.4 | E30: Logging of expenditure and reports on same | F30: 0.05 | I30: =H30*F30 -> 0
A31: 28 | D31: 1.3.5 | E31: Logging of non-compliance list and report on same | F31: 0.05 | I31: =H31*F31 -> 0
A32: 29 | D32: 1.3.6 | E32: Logging of complaints/ grievances and reports on same | F32: 0.05 | I32: =H32*F32 -> 0
A33: 30 | D33: 1.3.7 | E33: Continuous improvement of the product over time | F33: 0.1 | I33: =H33*F33 -> 0
A34: 31 | D34: 1.3.8 | E34: Functionality for Disclosures and Compliance Reporting by IPs to IPAs & IBBI (Please refer the annexure B, Section G onwards) | F34: 0.1 | I34: =H34*F34 -> 0
A35: 32 | D35: 1.3.9 | E35: There should be provision for interoperability with other IBBI’s PDAs | F35: 0.1 | I35: =H35*F35 -> 0
A36: 33 | D36: 1.3.10 | E36: There should be provision to download the all the information pertains to particular case in CD / pen drive | F36: 0.05 | I36: =H36*F36 -> 0
A37: 34 | D37: 1.3.11 | E37: Integration with platform for e-voting, interim finance and auction platform | F37: 0.15 | I37: =H37*F37 -> 0
D38: 1.3.12 | E38: Implenting Data archiving policy as per regulatorly requirement | F38: 0.05 | I38: =H38*F38 -> 0
B39: 2 | E39: Technological Requirements | G39: 1 | J39: =J40+J42+J44+J47+J49+J53+J55+J58+J60 -> 0
C40: 2.1 | E40: Preferred Technologies Stack | F40: =F41 -> 1 | G40: 0.2 | H40: =SUM(H41:H41) -> 0 | I40: =H40*F40 -> 0 | J40: =G40*H40 -> 0
D41: 2.1.1 | E41: Listed below are our preferred Technology choices. Indicate if a different choice is recommended for (Indicate list of software with version numbers ) a) Technologies: Prefered (Java J2EE) b) Operating System: Prefered (Linux) c) Appserver: Prefered (JBoss) d) Webserver : Prefered (Nginx) e) Database: Prefered (MySQL) any other component | F41: 1 | I41: =H41*F41 -> 0
C42: 2.2 | E42: IT Development and Operations | F42: =F43 -> 1 | G42: 0.1 | H42: =SUM(H43) -> 0 | I42: =H42*F42 -> 0 | J42: =G42*H42 -> 0
D43: 2.2.1 | E43: Provide details of the IP development and operations proceses and policies a) Application development process b) DevOPS Tools c) Deployment / release management process d) Change management e) Architecture Diagrams f) Data Management g) Design Features h) Connections with external systems i) Monitoring tools for application components | F43: 1 | I43: =H43*F43 -> 0
C44: 2.3 | E44: Application Integration: | F44: =SUM(F45:F46) -> 1 | G44: 0.1 | H44: =SUM(H45:H46) -> 0 | I44: =H44*F44 -> 0 | J44: =G44*H44 -> 0
D45: 2.3.1 | E45: Single sign on : Bidder should integrate his end-to-end IP MODULE with NeSL IU application. It is expected then user will login in NeSL web application and navigated to system of CIRP system. | F45: 0.6 | I45: =H45*F45 -> 0
D46: 2.3.2 | E46: NeSL may review and provide recommendations in case an alternate service provider needs to be integrated instead of the one chosen by the vendor. (eg. SMS, email etc) | F46: 0.4 | I46: =H46*F46 -> 0
C47: 2.4 | E47: Access Control | F47: =F48 -> 1 | G47: 0.1 | H47: =SUM(H48) -> 0 | I47: =H47*F47 -> 0 | J47: =G47*H47 -> 0
D48: 2.4.1 | E48: Access control and audit trails of deployment management, DB access a) Given the sensitivity of the data, the loading process and the different capabilities and/or functions required within the solution access control is essential. Please confirm capability b) Furthermore, audit trails of all attempts (successful or otherwise) to add, edit or delete data must be logged in an audit trail for future reference. Please confirm capability c) Support access based on privilege class d) Support segregation of duties | F48: 1 | I48: =H48*F48 -> 0
C49: 2.5 | E49: Security | F49: =SUM(F50:F52) -> 1 | G49: 0.15 | H49: =SUM(H50:H52) -> 0 | I49: =H49*F49 -> 0 | J49: =G49*H49 -> 0
D50: 2.5.2 | E50: Vulnerability and Penetration Testing: The successful bidder shall produce a Vulnerability and Penetration Testing report to NeSL at the time of go-live and on a quarterly basis. The audit shall be performed by an organization empaneled by NeSL. | F50: 0.55 | I50: =H50*F50 -> 0
D51: 2.5.3 | E51: Support SSL encryption | F51: 0.1 | I51: =H51*F51 -> 0
D52: 2.5.5 | E52: Encryption: Ability to implement encryption and details on same. | F52: 0.35 | I52: =H52*F52 -> 0
C53: 2.6 | E53: Auditability | F53: =SUM(F54) -> 1 | G53: 0.1 | H53: =SUM(H54) -> 0 | I53: =H53*F53 -> 0 | J53: =G53*H53 -> 0
D54: 2.6.1 | E54: Information Security Audit: Please indicate whether you have performed (a) VAPT (b) code review to identify vulnerability in the code. (Successful vendor shall conduct VAPT on a quarterly basis through the vendor identified by NeSL. Bidder shall have to implement the changes/recommendation suggested by auditor of NeSL Technology committee to mitigate the vulnerability /risks) | F54: 1 | I54: =H54*F54 -> 0
C55: 2.7 | E55: Availability & Scalability | F55: =SUM(F56:F57) -> 1 | G55: 0.15 | H55: =SUM(H56:H57) -> 0 | I55: =H55*F55 -> 0 | J55: =G55*H55 -> 0
D56: 2.7.1 | E56: a) Solution should be available 24x7 b) Only scheduled downtime is allowed with prior written consent of NeSL in non-working time | F56: 0.5 | I56: =H56*F56 -> 0
D57: 2.7.2 | E57: NeSL requires the solution to: a) Handle at least 50 customer users concurrently b) Handle growth to at least 100 users, within the next 2 years. Note: NeSL does not provide auto scaling for the VM/CPU/Memory. | F57: 0.5
C58: 2.8 | E58: Disaster recovery | F58: =SUM(F59) -> 1 | G58: 0.05 | H58: =SUM(H59) -> 0 | I58: =H58*F58 -> 0 | J58: =G58*H58 -> 0
D59: 2.4.1 | E59: System recovery time (RTO/RPO) should adhere to the Technical Standards of IU a) Describe and diagram the redundancy requirements b) List all the types of disaster situations the solution provides for. c) Describe the recovery process recommended by the proposed solution when disaster situations arise. d) Describe the methodology used for Disaster recovery. List details on the syncing methods e.g. hot and auto syncing. | F59: 1 | I59: =H59*F59 -> 0
C60: 2.9 | E60: Technical support | F60: =SUM(F61) -> 1 | G60: 0.05 | H60: =SUM(H61) -> 0 | I60: =H60*F60 -> 0 | J60: =G60*H60 -> 0
D61: 2.9.1 | E61: a) Document where the primary technical support centre is located. _x000D_ b) Indicate the operating hours (availability) of the help desk/customer call centre. (Working hours, days of the week etc.) _x000D_ c) Describe the technical support centre’s guaranteed response time. _x000D_ d) How are calls logged and managed e.g. Vendor website sign on _x000D_ e) Describe the escalation procedures used to resolve customer problems. _x000D_ f) Provide Web URLs for the following: _x000D_ g) Online issue database _x000D_ h) FAQ _x000D_ i) Facility to monitor logged calls | F61: 1 | I61: =H61*F61 -> 0
B62: 3 | E62: Presentation and demonstration | G62: 1 | J62: =J63 -> 0
C63: 2.1 | E63: Presentation and demonstration | F63: 1 | G63: =100% -> 1 | H63: =SUM(H64:H64) -> 0 | I63: =H63*F63 -> 0 | J63: =G63*H63 -> 0

Sheet Commercial Scoring
A1: Sr. No | B1: Service / Description | C1: Rate per Unit (In Rs) | D1: Quantity (Annual) for evaluation purpose | E1: Annual Cost (In Rs) | F1: Covert in 5 Year Cost (In Rs) | H1: Enter Values
C2: (i) | D2: (ii) | E2: (iii = i * ii)
A3: 1 | B3: License fee for per insolvency case For First, second and third Year | D3: 200 cases per year | E3: =C3*200 -> 0 | F3: =E3*3 -> 0
A4: 2 | B4: License fee for per insolvency case For Fourth and Fifth Year | D4: 200 cases per year | E4: =C4*200 -> 0 | F4: =E4*2 -> 0
A5: 3 | B5: Annual Maintenance Cost (AMC) covering following costs (In lumsum annual cost) 1) operational support, ii) defect fixes, iii) regulatory amendments, iv) trainings. | D5: 1 unit annual fees | E5: =C5*1 -> 0 | F5: =E5*5 -> 0
A6: 4 | B6: NeSL driven improvements (Per Person Month) | D6: 50 person month | E6: =C6*50 -> 0
A7: 5 | B7: Cost of required Infrastructure as per software stack and required VMs Pricing will be based on NeSL’ existing vendor | D7: as per hardware stack | E7: =C7*1 -> 0 | F7: =E7*5 -> 0
A8: Total | F8: =SUM(F3:F7) -> 0
B10: Hardwar | C10: Version | D10: Quantity | E10: Rate | F10: Amount
B11: VMs | F11: =D11*E11 -> 0
B12: OS licenses | F12: =D12*E12 -> 0
B13: Web server | F13: =D13*E13 -> 0
B14: Databases | F14: =D14*E14 -> 0
B15: DMS | F15: =D15*E15 -> 0
B16: any other component | F16: =D16*E16 -> 0
B17: Total | F17: =SUM(F11:F16) -> 0

Sheet Tech_Func_Score
B2: Section | D2: Particulars | E2: Group Weightage | F2: Group Marks | G2: SectionWeightage | H2: Sectional Weightage Score
B3: 1 | D3: Functional Requirements | E3: =SUM(E4:E6) -> 1 | F3: =SUM(F3:F6) -> 0 | G3: 0.5 | H3: ='Requirements Scoring'!$J$3*Tech_Func_Score!$G$3 -> 0
C4: 1.1 | D4: CIRP end-to-end Solution (Phase I) should cover all the below features | E4: =VLOOKUP(D4,'Requirements Scoring'!$E$4:$G$63,3,0) -> 0.5 | F4: =VLOOKUP(D4,'Requirements Scoring'!$E$4:$I$63,5,0) -> 0
C5: 1.2 | D5: Virtual Data Room (Phase I) should cover all the below features | E5: =VLOOKUP(D5,'Requirements Scoring'!$E$4:$G$63,3,0) -> 0.35 | F5: =VLOOKUP(D5,'Requirements Scoring'!$E$4:$I$63,5,0) -> 0
C6: 1.3 | D6: Other Functionalities (Phase II) should cover all the below features | E6: =VLOOKUP(D6,'Requirements Scoring'!$E$4:$G$63,3,0) -> 0.15 | F6: =VLOOKUP(D6,'Requirements Scoring'!$E$4:$I$63,5,0) -> 0
B7: 2 | D7: Technological Requirement | E7: =SUM(E8:E16) -> 1 | F7: =SUM(F7:F16) -> 0 | G7: 0.3 | H7: ='Requirements Scoring'!$J$39*Tech_Func_Score!$G$7 -> 0
C8: 2.1 | D8: Preferred Technologies Stack | E8: =VLOOKUP(D8,'Requirements Scoring'!$E$4:$G$63,3,0) -> 0.2 | F8: =VLOOKUP(D8,'Requirements Scoring'!$E$4:$I$63,5,0) -> 0
C9: 2.2 | D9: IT Development and Operations | E9: =VLOOKUP(D9,'Requirements Scoring'!$E$4:$G$63,3,0) -> 0.1 | F9: =VLOOKUP(D9,'Requirements Scoring'!$E$4:$I$63,5,0) -> 0
C10: 2.3 | D10: Application Integration: | E10: =VLOOKUP(D10,'Requirements Scoring'!$E$4:$G$63,3,0) -> 0.1 | F10: =VLOOKUP(D10,'Requirements Scoring'!$E$4:$I$63,5,0) -> 0
C11: 2.4 | D11: Access Control | E11: =VLOOKUP(D11,'Requirements Scoring'!$E$4:$G$63,3,0) -> 0.1 | F11: =VLOOKUP(D11,'Requirements Scoring'!$E$4:$I$63,5,0) -> 0
C12: 2.5 | D12: Security | E12: =VLOOKUP(D12,'Requirements Scoring'!$E$4:$G$63,3,0) -> 0.15 | F12: =VLOOKUP(D12,'Requirements Scoring'!$E$4:$I$63,5,0) -> 0
C13: 2.6 | D13: Auditability | E13: =VLOOKUP(D13,'Requirements Scoring'!$E$4:$G$63,3,0) -> 0.1 | F13: =VLOOKUP(D13,'Requirements Scoring'!$E$4:$I$63,5,0) -> 0
C14: 2.7 | D14: Availability & Scalability | E14: =VLOOKUP(D14,'Requirements Scoring'!$E$4:$G$63,3,0) -> 0.15 | F14: =VLOOKUP(D14,'Requirements Scoring'!$E$4:$I$63,5,0) -> 0
C15: 2.8 | D15: Disaster recovery | E15: =VLOOKUP(D15,'Requirements Scoring'!$E$4:$G$63,3,0) -> 0.05 | F15: =VLOOKUP(D15,'Requirements Scoring'!$E$4:$I$63,5,0) -> 0
C16: 2.9 | D16: Technical support | E16: =VLOOKUP(D16,'Requirements Scoring'!$E$4:$G$63,3,0) -> 0.05 | F16: =VLOOKUP(D16,'Requirements Scoring'!$E$4:$I$63,5,0) -> 0
B17: 3 | D17: Presentation and Demonstration | E17: =E18 -> 1 | F17: =SUM(F17:F18) -> 0 | G17: 0.2 | H17: ='Requirements Scoring'!$J$63*Tech_Func_Score!$G$17 -> 0
C18: 3.1 | D18: Presentation and Demonstration | E18: =VLOOKUP(D18,'Requirements Scoring'!$E$4:$G$63,3,0) -> 1 | F18: =VLOOKUP(D18,'Requirements Scoring'!$E$4:$I$63,5,0) -> 0
B19: Total Score | H19: =SUM(H3:H17) -> 0
E21: `
